 Dungeon Crawl Stone Soup version 0.20.1-1-g8b1a95d (webtiles) character file.

106 Ladykiller69 the Slasher (level 4, -7/41 HPs)
             Began as a Minotaur Berserker on July 3, 2017.
             Was a Believer of Trog.
             Splashed by a jelly's acid (9 damage)
             ... on level 3 of the Dungeon.
             The game lasted 00:02:58 (1366 turns).

Ladykiller69 the Slasher (Minotaur Berserker)       Turns: 1366, Time: 00:03:00

Health: -7/41      AC: -5    Str: 22    XL:     4   Next: 55%
Magic:  3/3        EV: 12    Int:  4    God:    Trog [**....]
Gold:   166        SH:  0    Dex: 10    Spells: 3/3 levels left

rFire    . . .     SeeInvis .   a - +0 falchion
rCold    . . .     Gourm    .   (no shield)
rNeg     . . .     Faith    .   b - +0 animal skin
rPois    .         Spirit   .   (helmet restricted)
rElec    .         Reflect  .   (no cloak)
rCorr    .         Harm     .   (no gloves)
MR       .....                  (no boots)
Stlth    +.........             (no amulet)
Regen    0.2/turn               (no ring)
MPRegen  0.1/turn               (no ring)

@: corroded
A: retaliatory headbutt, horns 2
a: Berserk, Trog's Hand, Burn Spellbooks, Renounce Religion


You were on level 3 of the Dungeon.
You worshipped Trog.
Trog was pleased with you.
You were not hungry.

You visited 1 branch of the dungeon, and saw 3 of its levels.

You collected 166 gold pieces.

Inventory:

Hand Weapons
 a - a +0 falchion (weapon)
Armour
 b - a +0 animal skin (worn)
 e - a +0 pair of gloves
Scrolls
 i - a scroll of remove curse {unknown}
 j - a scroll of immolation {unknown}
 l - a scroll of fog {unknown}
 o - a scroll of identify {unknown}
Potions
 f - a potion of magic {unknown}
 g - 2 potions of mutation {unknown}
 h - 3 potions of curing {unknown}
 k - a potion of heal wounds {unknown}
 p - a potion of haste {unknown}
Books
 n - a book of Minor Magic

   Spells                             Type                      Level
   a - Magic Dart                     Conjuration                  1
   b - Blink                          Translocation                2
   c - Call Imp                       Summoning                    2
   d - Slow                           Hexes                        2
   e - Conjure Flame                  Conjuration/Fire             3
   f - Mephitic Cloud                 Conjuration/Poison/Air       3
   Trog disapproves of the use of such an item.
Comestibles
 c - a bread ration
 d - 10 chunks of flesh
 m - a meat ration


   Skills:
 + Level 4.3 Fighting
 * Level 5.1 Long Blades
 - Level 3.0 Armour
 - Level 3.0 Dodging


You had 3 spell levels left.
You didn't know any spells.

Dungeon Overview and Level Annotations

Branches:
Dungeon (3/15)

Altars:
Elyvilon
Hepliaklqana


Innate Abilities, Weirdness & Mutations

You reflexively headbutt those who attack you in melee.
You have a pair of horns on your head.


Message History

Things that are here:
a club; a kobold corpse The jackal barks!
Found a stone staircase leading down.
A jackal comes into view.
The jackal barks!
Found 10 gold pieces.
You slash the jelly! The acid corrodes you!
Your hands burn!
The jelly is heavily wounded.
The jelly hits you.
You are splashed with acid!
The acid burns!
* * * LOW HITPOINT WARNING * * *
A frilled lizard comes into view.
The frilled lizard hisses angrily.
You hit the jelly but do no damage.
Your hands burn!
* * * LOW HITPOINT WARNING * * *
The jelly is heavily wounded.
The jelly hits you.
* * * LOW HITPOINT WARNING * * *
The acid corrodes you!
You are splashed with acid!
The acid burns!
You die...

#.####....
..........##############
..≈%≈.?#..#....##....#..
.≈≈≈≈..#..#.##.##.##.#.#
≈≈%≈.....##.##.#..).....
≈.......[...##......##.#
....%....)####.#.....<..
.....[....#....#.#.#.###
.......@..######.#......
.......hJ.##.###...#.#.#
+#........##_.≈#.#.#...#
#........#8...'.#######
##+##..#h##_.≈#..[.....
##.#..#.###)#######
#>#..### #.# #.#l.. #.#
#.#


You could see a jelly, 2 jackals and a frilled lizard.

Vanquished Creatures
  5 adders (D:2)
  An ooze (D:2)
  2 leopard geckos
  An orc (D:3)
  9 bats
  3 giant cockroaches
  6 goblins
  4 hobgoblins
  4 jackals (D:2)
  4 frilled lizards
  6 kobolds
  6 rats
51 creatures vanquished.

Notes
Turn   | Place    | Note
-------+----------+-------------------------------------------
     0 | D:1      | Ladykiller69 the Minotaur Berserker began the quest for the Orb.
     0 | D:1      | Reached XP level 1. HP: 19/19 MP: 0/0
   121 | D:1      | Reached XP level 2. HP: 22/26 MP: 1/1
   429 | D:1      | Reached skill level 4 in Long Blades
   719 | D:2      | Reached XP level 3. HP: 31/33 MP: 2/2
   910 | D:2      | Reached ** piety under Trog
  1008 | D:2      | Reached XP level 4. HP: 33/40 MP: 3/3
  1226 | D:2      | Reached skill level 5 in Long Blades
  1335 | D:3      | Found a hazy altar of Hepliaklqana.
  1335 | D:3      | Found a white marble altar of Elyvilon.
  1366 | D:3      | HP: 2/41 [jelly (1)]
  1366 | D:3      | Splashed by a jelly's acid

Skill      XL: |  1  2  3  4 |
---------------+-------------+-----
Armour         | 3 |  3.0
Long Blades    | 4 5 |  5.1
Fighting       | 4 |  4.3
Dodging        | 3 |  3.0

Action                   |  1- 3 |  4- 6 || total
-------------------------+-------+-------++-------
Melee: Falchion          |    69 |    34 ||   103
       Headbutt          |    13 |     4 ||    17
  Eat: Chunk             |       |     2 ||     2
Armor: Animal skin       |    19 |     6 ||    25
Dodge: Dodged            |    53 |    26 ||    79
       Rpst.: Falchion   |    16 |    11 ||    27
